| TOP OF THE 1ST |
|
Chicago Cubs batting - Pitching for Houston Astros : LHP Craig Lefferts
|
|
Pitching: LHP Craig Lefferts
|
|
|
Batting: RHB Gary Ward
|
0-0: Ball 1-0: Foul Ball, location: 2F 1-1: SINGLE (Flyball, 78S, EV 95.0 MPH)
|
|
Batting: RHB Bill Madlock
|
0-0: Fly out, F8 (Line Drive, 8RM, EV 93.8 MPH)
|
|
Batting: RHB Lonnie Smith
|
0-0: SINGLE (Line Drive, 7S, EV 86.9 MPH) Gary Ward to second Gary Ward to third
|
|
Batting: SHB Roy Smalley
|
0-0: Ball 1-0: Ball 2-0: Called Strike 2-1: Called Strike 2-2: Strikes out swinging
|
|
Batting: RHB Jim Rice
|
0-0: Called Strike 0-1: Fly out, F8 (Flyball, 8RD, EV 78.1 MPH)
|
| Top of the 1st over - 0 runs, 2 hits, 0 errors, 2 left on base; Chicago 0 - Houston 0 |
| BOTTOM OF THE 1ST |
|
Houston Astros batting - Pitching for Chicago Cubs : LHP Roy Sheldon
|
|
Pitching: LHP Roy Sheldon
|
|
|
Batting: RHB John Castino
|
0-0: Ground out 6-3 (Groundball, 6, EV 80.6 MPH)
|
|
Batting: RHB Ricky Adams
|
0-0: Called Strike 0-1: Ball 1-1: Ball 2-1: Called Strike 2-2: Ball 3-2: Fly out, F8 (Flyball, 8RD, EV 106.9 MPH)
|
|
Batting: LHB Steve Kemp
|
0-0: Ball 1-0: Swinging Strike 1-1: Called Strike 1-2: Ball 2-2: Strikes out swinging
|
| Bottom of the 1st over - 0 runs, 0 hits, 0 errors, 0 left on base; Chicago 0 - Houston 0 |
| TOP OF THE 2ND |
|
Chicago Cubs batting - Pitching for Houston Astros : LHP Craig Lefferts
|
|
Batting: RHB Randy Ready
|
0-0: Called Strike 0-1: Foul Ball, location: 2F 0-2: SOLO HOME RUN (Flyball, 7D, EV 101.3 MPH), Distance : 369 ft
|
|
Batting: RHB Bob Brenly
|
0-0: Ball 1-0: Fly out, F8 (Flyball, 89M, EV 83.1 MPH)
|
|
Batting: RHB Willie Randolph
|
0-0: Ground out 6-3 (Groundball, P, EV 86.3 MPH)
|
|
Batting: LHB Roy Sheldon
|
0-0: SINGLE (Groundball, 34D, EV 100.0 MPH)
|
|
Batting: RHB Gary Ward
|
0-0: Ball 1-0: Ball 2-0: Called Strike 2-1: Fielders Choice at 2nd, 6-4 (Groundball, 56, EV 91.3 MPH)
|
| Top of the 2nd over - 1 run, 2 hits, 0 errors, 1 left on base; Chicago 1 - Houston 0 |
| BOTTOM OF THE 2ND |
|
Houston Astros batting - Pitching for Chicago Cubs : LHP Roy Sheldon
|
|
Batting: RHB Zail Smith
|
0-0: Ball 1-0: Fly out, F9 (Flyball, 89M, EV 95.6 MPH)
|
|
Batting: LHB Jose Cruz
|
0-0: Fly out, F7 (Flyball, 7S, EV 83.8 MPH)
|
|
Batting: SHB Christopher Clark
|
0-0: Foul Ball, location: 2F 0-1: Fly out, F9 (Flyball, 9S, EV 86.9 MPH)
|
| Bottom of the 2nd over - 0 runs, 0 hits, 0 errors, 0 left on base; Chicago 1 - Houston 0 |
| TOP OF THE 3RD |
|
Chicago Cubs batting - Pitching for Houston Astros : LHP Craig Lefferts
|
|
Batting: RHB Bill Madlock
|
0-0: Called Strike 0-1: DOUBLE (Line Drive, 89M, EV 106.9 MPH)
|
|
Batting: RHB Lonnie Smith
|
0-0: Foul Ball, location: 2F 0-1: Swinging Strike 0-2: Ball 1-2: Ball 2-2: Ball 3-2: DOUBLE (Line Drive, 7LS, EV 88.8 MPH) Bill Madlock scores
|
|
Batting: SHB Roy Smalley
|
0-0: Swinging Strike 0-1: Ball 1-1: Ball 2-1: Foul Ball, location: 2F 2-2: Ball 3-2: Fly out, F9 (Flyball, 9, EV 95.0 MPH)
|
|
Batting: RHB Jim Rice
|
0-0: Ball 1-0: Foul Ball, location: 2F 1-1: Foul Ball, location: 2F 1-2: Foul Ball, location: 2F 1-2: Foul Ball, location: 2F 1-2: Strikes out swinging
|
|
Batting: RHB Randy Ready
|
0-0: Called Strike 0-1: Foul Ball, location: 2F 0-2: Ground out 2-3 (Groundball, 13S, EV 66.9 MPH)
|
| Top of the 3rd over - 1 run, 2 hits, 0 errors, 1 left on base; Chicago 2 - Houston 0 |
| BOTTOM OF THE 3RD |
|
Houston Astros batting - Pitching for Chicago Cubs : LHP Roy Sheldon
|
|
Batting: RHB Dave Valle
|
0-0: Ball 1-0: SINGLE (Groundball, 34D, EV 96.3 MPH)
|
|
Batting: SHB Tom Herr
|
0-0: Ball 1-0: Swinging Strike 1-1: Ball 2-1: Grounds into double play, 6-4-3 (Groundball, 6S, EV 83.8 MPH)
|
|
Batting: LHB Craig Lefferts
|
0-0: Fly out, F8 (Flyball, 8LS, EV 88.1 MPH)
|
| Bottom of the 3rd over - 0 runs, 1 hit, 0 errors, 0 left on base; Chicago 2 - Houston 0 |
| TOP OF THE 4TH |
|
Chicago Cubs batting - Pitching for Houston Astros : LHP Craig Lefferts
|
|
Batting: RHB Bob Brenly
|
0-0: Ball 1-0: Swinging Strike 1-1: Ground out 6-3 (Groundball, 6, EV 92.5 MPH)
|
|
Batting: RHB Willie Randolph
|
0-0: Ball 1-0: Swinging Strike 1-1: Foul Ball, location: 2F 1-2: Ground out U3 (Groundball, 3L, EV 82.5 MPH)
|
|
Batting: LHB Roy Sheldon
|
0-0: Called Strike 0-1: Foul Ball, location: 2F 0-2: SINGLE (Line Drive, 89M, EV 110.6 MPH)
|
|
Batting: RHB Gary Ward
|
0-0: Ball 1-0: Foul Ball, location: 2F 1-1: Ball 2-1: Ball 3-1: Base on Balls Roy Sheldon to second
|
|
Batting: RHB Bill Madlock
|
0-0: Ball 1-0: Called Strike 1-1: Ball 2-1: Ball 3-1: Foul Ball, location: 2F 3-2: Strikes out looking
|
| Top of the 4th over - 0 runs, 1 hit, 0 errors, 2 left on base; Chicago 2 - Houston 0 |
| BOTTOM OF THE 4TH |
|
Houston Astros batting - Pitching for Chicago Cubs : LHP Roy Sheldon
|
|
Batting: RHB John Castino
|
0-0: Called Strike 0-1: Foul Ball, location: 2F 0-2: Foul Ball, location: 2F 0-2: Ball 1-2: Ball 2-2: Foul Ball, location: 2F 2-2: SINGLE (Groundball, 6MD, EV 98.8 MPH)
|
|
Batting: RHB Ricky Adams
|
0-0: Ball 1-0: Ball 2-0: Fielders Choice at 2nd, 4-6 (Groundball, 34, EV 85.6 MPH)
|
|
Batting: LHB Steve Kemp
|
0-0: Ball 1-0: Called Strike 1-1: Swinging Strike 1-2: Ball 2-2: Ball 3-2: Foul Ball, location: 2F 3-2: Strikes out swinging Ricky Adams steals 2nd base Batter strikes out.
|
|
Batting: RHB Zail Smith
|
0-0: Ball 1-0: Fly out, F7 (Flyball, 7, EV 90.0 MPH)
|
| Bottom of the 4th over - 0 runs, 1 hit, 0 errors, 1 left on base; Chicago 2 - Houston 0 |
| TOP OF THE 5TH |
|
Chicago Cubs batting - Pitching for Houston Astros : LHP Craig Lefferts
|
|
Batting: RHB Lonnie Smith
|
0-0: DOUBLE (Flyball, 8RXD, EV 108.8 MPH)
|
|
Pinch Runner at 2nd Gerald Perry:
|
|
|
Batting: SHB Roy Smalley
|
0-0: Called Strike 0-1: Called Strike 0-2: Ball 1-2: Ball 2-2: SINGLE (Groundball, 4MD, EV 108.1 MPH) Gerald Perry to third Runner from 3rd tries for Home, throw by CF and OUT! 8-2
|
|
Batting: RHB Jim Rice
|
0-0: TRIPLE (Flyball, 9LD, EV 93.1 MPH) Roy Smalley scores
|
|
Batting: RHB Randy Ready
|
0-0: Called Strike 0-1: Foul Ball, location: 2F 0-2: Fly out, F8 (Flyball, 8LM, EV 76.3 MPH)
|
|
Batting: RHB Bob Brenly
|
0-0: Fly out, F8 (Flyball, 8LD, EV 87.5 MPH)
|
| Top of the 5th over - 1 run, 3 hits, 0 errors, 1 left on base; Chicago 3 - Houston 0 |
| BOTTOM OF THE 5TH |
|
Houston Astros batting - Pitching for Chicago Cubs : LHP Roy Sheldon
|
|
Now in LF: Dave Bergman
|
|
|
Batting: LHB Jose Cruz
|
0-0: Foul Ball, location: 2F 0-1: Swinging Strike 0-2: Ball 1-2: Ball 2-2: Strikes out swinging
|
|
Batting: SHB Christopher Clark
|
0-0: Called Strike 0-1: Called Strike 0-2: Foul Ball, location: 2F 0-2: Ball 1-2: Strikes out swinging
|
|
Batting: RHB Dave Valle
|
0-0: Called Strike 0-1: Ball 1-1: Ball 2-1: Foul Ball, location: 2F 2-2: Ball 3-2: Foul Ball, location: 2F 3-2: Fly out, F9 (Flyball, 9LS, EV 78.8 MPH)
|
| Bottom of the 5th over - 0 runs, 0 hits, 0 errors, 0 left on base; Chicago 3 - Houston 0 |
| TOP OF THE 6TH |
|
Chicago Cubs batting - Pitching for Houston Astros : LHP Craig Lefferts
|
|
Batting: RHB Willie Randolph
|
0-0: Ball 1-0: Ground out 6-3 (Groundball, 6, EV 104.4 MPH)
|
|
Batting: LHB Roy Sheldon
|
0-0: Called Strike 0-1: Ground out 1-3 (Groundball, 13S, EV 73.8 MPH)
|
|
Batting: RHB Gary Ward
|
0-0: Ball 1-0: Called Strike 1-1: Ball 2-1: Foul Ball, location: 2F 2-2: Ground out 5-3 (Groundball, 56, EV 93.1 MPH)
|
| Top of the 6th over - 0 runs, 0 hits, 0 errors, 0 left on base; Chicago 3 - Houston 0 |
| BOTTOM OF THE 6TH |
|
Houston Astros batting - Pitching for Chicago Cubs : LHP Roy Sheldon
|
|
Batting: SHB Tom Herr
|
0-0: Ball 1-0: Called Strike 1-1: TRIPLE (Line Drive, 9LD, EV 110.6 MPH)
|
|
Batting: LHB Craig Lefferts
|
0-0: Called Strike 0-1: Called Strike 0-2: Foul Ball, location: 2F 0-2: SINGLE (Groundball, 4D, EV 96.9 MPH) Tom Herr scores
|
|
Batting: RHB John Castino
|
0-0: Foul Ball, location: 2F 0-1: Ball 1-1: Ball 2-1: Called Strike 2-2: Ball 3-2: Fielders Choice at 2nd, 5-4 (Groundball, 56, EV 86.9 MPH)
|
|
Batting: RHB Ricky Adams
|
0-0: Ball 1-0: Called Strike 1-1: Called Strike 1-2: Ball 2-2: Strikes out swinging
|
|
Batting: LHB Steve Kemp
|
0-0: Called Strike 0-1: Ball 1-1: Ground out 4-3 (Groundball, 4, EV 91.3 MPH)
|
| Bottom of the 6th over - 1 run, 2 hits, 0 errors, 1 left on base; Chicago 3 - Houston 1 |
| TOP OF THE 7TH |
|
Chicago Cubs batting - Pitching for Houston Astros : LHP Craig Lefferts
|
|
Batting: RHB Bill Madlock
|
0-0: Ground out 3-1 (Groundball, 34S, EV 83.8 MPH)
|
|
Batting: LHB Dave Bergman
|
0-0: SINGLE (Line Drive, 9S, EV 91.9 MPH)
|
|
Batting: SHB Roy Smalley
|
0-0: Ball 1-0: DOUBLE (Flyball, 89D, EV 100.6 MPH) Dave Bergman to third Runner from 3rd tries for Home, SAFE, throw by RF to trailing runner, OUT at third! 9-3-5
|
|
Batting: RHB Jim Rice
|
0-0: Reached on error, E5 (Groundball, 5L, EV 83.8 MPH)
|
|
Batting: RHB Randy Ready
|
0-0: Called Strike 0-1: Ball 1-1: Foul Ball, location: 2F 1-2: Ball 2-2: DOUBLE (Groundball, 5L, EV 100.0 MPH) Jim Rice to third Runner from 3rd tries for Home, SAFE, throw by LF to home
|
|
Batting: RHB Bob Brenly
|
0-0: Ball 1-0: Called Strike 1-1: Foul Ball, location: 2F 1-2: Ball 2-2: Foul Ball, location: 2F 2-2: Ground out 5-3 (Groundball, 56, EV 101.9 MPH)
|
| Top of the 7th over - 2 runs, 3 hits, 1 error, 1 left on base; Chicago 5 - Houston 1 |
| BOTTOM OF THE 7TH |
|
Houston Astros batting - Pitching for Chicago Cubs : LHP Roy Sheldon
|
|
Batting: RHB Zail Smith
|
0-0: SINGLE (Groundball, 6S, EV 68.8 MPH) (infield hit)
|
|
Batting: LHB Jose Cruz
|
0-0: Called Strike 0-1: Grounds into double play, 4-6-3 (Groundball, 34, EV 97.5 MPH)
|
|
Batting: SHB Christopher Clark
|
0-0: Called Strike 0-1: Ball 1-1: Reached on error, E4 (Flyball, 34D, EV 80.6 MPH)
|
|
Batting: RHB Dave Valle
|
0-0: Ball 1-0: Ball 2-0: Ball 3-0: Base on Balls Christopher Clark to second
|
|
Batting: SHB Tom Herr
|
0-0: Foul Ball, location: 2F 0-1: Ground out 3-1 (Groundball, 34, EV 100.6 MPH)
|
| Bottom of the 7th over - 0 runs, 1 hit, 1 error, 2 left on base; Chicago 5 - Houston 1 |
| TOP OF THE 8TH |
|
Chicago Cubs batting - Pitching for Houston Astros : LHP Craig Lefferts
|
|
Batting: RHB Willie Randolph
|
0-0: Called Strike 0-1: Ball 1-1: Fly out, F8 (Flyball, 8LD, EV 95.0 MPH)
|
|
Batting: LHB Roy Sheldon
|
0-0: Called Strike 0-1: Ball 1-1: Ball 2-1: Called Strike 2-2: SINGLE (Groundball, 34S, EV 81.9 MPH) (infield hit)
|
|
Batting: RHB Gary Ward
|
0-0: Ball 1-0: SINGLE (Groundball, 34D, EV 96.9 MPH) Roy Sheldon to second Runner from 2nd tries for 3rd, SAFE, no throw by RF
|
|
Batting: RHB Bill Madlock
|
0-0: Called Strike 0-1: Ball 1-1: Ground out 4-3 (Groundball, 4S, EV 71.3 MPH) Roy Sheldon scores Gary Ward to second
|
|
Batting: LHB Dave Bergman
|
0-0: SINGLE (Line Drive, 78S, EV 106.3 MPH) Gary Ward to third Runner from 3rd tries for Home, throw by LF and OUT! 7-2
|
| Top of the 8th over - 1 run, 3 hits, 0 errors, 1 left on base; Chicago 6 - Houston 1 |
| BOTTOM OF THE 8TH |
|
Houston Astros batting - Pitching for Chicago Cubs : LHP Roy Sheldon
|
|
Pinch Hitting: LHB George Vukovich
|
0-0: Ball 1-0: Ball 2-0: Foul Ball, location: 2F 2-1: Foul Ball, location: 2F 2-2: SINGLE (Groundball, 56D, EV 113.8 MPH) (infield hit)
|
|
Batting: RHB John Castino
|
0-0: Ball 1-0: Called Strike 1-1: Fly out, F3 (Line Drive, 3, EV 70.0 MPH)
|
|
Batting: RHB Ricky Adams
|
0-0: Foul Ball, location: 2F 0-1: Foul Ball, location: 2F 0-2: Ball 1-2: Fielders Choice at 2nd, 5-4 (Groundball, 56, EV 85.0 MPH)
|
|
Batting: LHB Steve Kemp
|
0-0: Swinging Strike 0-1: Ball 1-1: Foul Ball, location: 2F 1-2: Ball 2-2: Ball Passed Ball! Ricky Adams to second 3-2: Fly out, F2 (Popup, 23F, EV 85.6 MPH)
|
| Bottom of the 8th over - 0 runs, 1 hit, 0 errors, 1 left on base; Chicago 6 - Houston 1 |
| TOP OF THE 9TH |
|
Chicago Cubs batting - Pitching for Houston Astros : LHP Craig Lefferts
|
|
Pitching: RHP Gilberto Mendoza
|
|
|
Batting: SHB Roy Smalley
|
0-0: Ball 1-0: Called Strike 1-1: Foul Ball, location: 2F 1-2: Fly out, F8 (Flyball, 78D, EV 103.1 MPH)
|
|
Batting: RHB Jim Rice
|
0-0: Ball 1-0: Ball 2-0: Foul Ball, location: 2F 2-1: Foul Ball, location: 2F 2-2: Ball 3-2: SINGLE (Line Drive, 78S, EV 93.8 MPH)
|
|
Batting: RHB Randy Ready
|
0-0: Ball 1-0: Called Strike 1-1: DOUBLE (Line Drive, 9LD, EV 104.4 MPH) Jim Rice to third Runner from 3rd tries for Home, SAFE, throw by RF to home
|
|
Batting: RHB Bob Brenly
|
0-0: Ball 1-0: Swinging Strike 1-1: Ball 2-1: Foul Ball, location: 2F 2-2: Foul Ball, location: 2F 2-2: Strikes out swinging
|
|
Batting: RHB Willie Randolph
|
0-0: Called Strike 0-1: Swinging Strike 0-2: Foul Ball, location: 2F 0-2: Strikes out looking
|
| Top of the 9th over - 1 run, 2 hits, 0 errors, 1 left on base; Chicago 7 - Houston 1 |
| BOTTOM OF THE 9TH |
|
Houston Astros batting - Pitching for Chicago Cubs : LHP Roy Sheldon
|
|
Batting: RHB Zail Smith
|
0-0: Ball 1-0: Ball 2-0: Ball 3-0: Base on Balls
|
|
Batting: LHB Jose Cruz
|
0-0: Called Strike 0-1: Swinging Strike 0-2: Ball 1-2: Strikes out swinging
|
|
Batting: SHB Christopher Clark
|
0-0: Called Strike 0-1: SINGLE (Line Drive, 4MD, EV 95.0 MPH) Zail Smith to second
|
|
Batting: RHB Dave Valle
|
0-0: Ball 1-0: Ball 2-0: Ball 3-0: Called Strike 3-1: Base on Balls Zail Smith to third Christopher Clark to second
|
|
Batting: SHB Tom Herr
|
0-0: Ball 1-0: Ball 2-0: SINGLE (Groundball, 6MD, EV 101.3 MPH) Zail Smith scores Christopher Clark to third Dave Valle to second
|
|
Pinch Hitting: SHB Bill D Doran
|
0-0: Called Strike 0-1: Ball 1-1: Ball 2-1: Swinging Strike 2-2: Ball 3-2: Strikes out swinging
|
|
Batting: RHB John Castino
|
0-0: Fielders Choice at 2nd, 6-4 (Groundball, 6, EV 90.0 MPH)
|
| Bottom of the 9th over - 1 run, 2 hits, 0 errors, 3 left on base; Chicago 7 - Houston 2 |
|